[Event "Early-Titled-Tuesday-Blitz-March-19-2024"]
[Site "Chess.com"]
[Date "2024.03.19"]
[Round "11"]
[White "Yushko_Olga"]
[Black "gpsji27"]
[Result "0-1"]
[WhiteElo "2230"]
[BlackElo "2355"]
[TimeControl "180+1"]
[EndTime "10:07:50 PDT"]
[Termination "gpsji27 won by resignation"]

1. d4 d5 2. c4 e6 3. cxd5 exd5 4.
Nc3 Nf6 5. Bg5 Be7 6. e3 c6 7.
Bd3 Nbd7 8. Qc2 O-O 9. Nge2 Re8 10. O-O Nf8 11. Rab1 h6 12. Bh4 Ne4 13. Bxe7 Qxe7 14.
b4 Be6 15. b5 Rac8 16. bxc6 bxc6 17. Bxe4 dxe4 18. Qxe4 Qg5 19. Qf4 Qg6 20. Rb7 c5 21. Rxa7 cxd4 22. exd4 Bc4 23. Qf3 Ne6 24. Rd1 Ng5 25.
Qg4 h5 26. Nf4 hxg4 27. Nxg6 fxg6 28. d5 Rcd8 29. d6 Rxd6 30. Rc1 Rde6 31. h4 gxh3 32. gxh3 Nxh3+ 33. Kg2 Nf4+ 34. Kf3 Nd3 35. Rd1 Rf6+ 36.
Kg3 Ref8 37. Ne4 Rf3+ 38. Kg2 R3f4 39. Re7 Bd5 40. f3 Bxe4 41. fxe4 Rf2+ 42. Kg1 Nb2 43. Rdd7 R2f7 44. e5 Rxe7 45. Rxe7 Nd3 46. e6 Nf4 47. a4 g5 48. a5 Nd5 49. Rd7 Nb4 50. Rb7 Nc6 51.
a6 Re8 52. a7 Nxa7 53. Rxa7 Rxe6 54. Kg2 Re3 55. Kf2 Rb3 56. Ra5 g4 57. Ra4 g3+ 58. Kg2 Kh7 59. Rh4+ Kg6 60. Rg4+ Kf6 61. Rf4+ Kg5 62. Ra4 g6 63. Ra5+ Kg4 64. Ra4+ Kh5 65.
Rc4 g5 66. Rc5 Kh4 67. Rc2 Rd3 68. Ra2 Re3 69. Ra4+ g4 70. Ra2 Re4 71. Rb2 Rf4 72.
Ra2 Rf2+ 73. Rxf2 gxf2 74. Kxf2 Kh3 75. Kg1 Kg3 76. Kf1 Kh2 0-1

[Event "Early-Titled-Tuesday-Blitz-March-19-2024"]
[Site "Chess.com"]
[Date "2024.03.19"]
[Round "11"]
[White "bescmelasti"]
[Black "FaustinoOro"]
[Result "0-1"]
[WhiteElo "2671"]
[BlackElo "2877"]
[TimeControl "180+1"]
[EndTime "10:07:55 PDT"]
[Termination "FaustinoOro won on time"]

1. e4 e5 2. Nf3 Nc6 3. Bc4 Bc5 4. d3 Nf6 5. O-O O-O 6. h3 h6 7. Re1 d6 8. c3 a5 9. Nbd2 Re8 10. Nf1 Ba7 11. Ng3 Ne7 12. Qb3 Rf8 13. a4 Ng6 14. d4 c6 15. dxe5 dxe5 16. Be3 Bxe3 17.
Rxe3 Qc7 18. Rd1 Bd7 19. Qc2 Rad8 20. Red3 Bc8 21. Qd2 Rxd3 22. Qxd3 Re8 23. Bb3 Qb6 24. Qc2 Rd8 25. Rxd8+ Qxd8 26. Qd2 Qc7 27. Bc4 Ne8 28.
Nf5 Kf8 29. g3 Nf6 30. Qe3 b6 31. Kg2 c5 32. Nd2 Bb7 33. Qd3 Bc6 34. b3 Ne8 35. h4 Ne7 36. Nxe7 Kxe7 37. Bd5 Bd7 38. Nc4 Nf6 39. Qe3 Bc8 40. Qd3 Ba6 41. Qe3 Nd7 42. Qf3 Nf6 43. Qe3 b5 44. axb5 Bxb5 45. Qd3 a4 46.
bxa4 Bxa4 47. Ne3 Bd7 48. Bc4 Be6 49. Bxe6 fxe6 50. Nc4 Nd7 51. Qf3 Qc6 52. Qg4 Kf8 53. Qg6 Nf6 54. Nxe5 Qxe4+ 55. Qxe4 Nxe4 56. c4 Ke7 57. Kf3 Nd6 58. Kf4 Kf6 59. h5 Ke7 60. g4 Nb7 61. f3 Na5 62. Nd3 Kd6 63. Ne5 Nb3 64. Nf7+ Ke7 65. Ne5 Nd2 66. Nd3 Kd6 67.
Ne5 Kc7 68. Nd3 Kd6 69. Ne5 Nb1 70. Nd3 Nc3 71. Ne5 Ne2+ 72. Ke4 Nd4 73. Ng6 Nb3 74.
Nf4 Nd2+ 0-1

[Event "Early-Titled-Tuesday-Blitz-March-19-2024"]
[Site "Chess.com"]
[Date "2024.03.19"]
[Round "11"]
[White "wannabe2700"]
[Black "jocmil"]
[Result "1-0"]
[WhiteElo "2647"]
[BlackElo "2750"]
[TimeControl "180+1"]
[EndTime "10:07:55 PDT"]
[Termination "wannabe2700 won by resignation"]

1. b3 e5 2. Bb2 Nc6 3. Nf3 d6 4. e3 g6 5. d4 Bg7 6. dxe5 Nh6 7. Nc3 Nxe5 8. Nxe5 Bxe5 9. Qd2 O-O 10. O-O-O a5 11. f4 Bg7 12. e4 a4 13. Nxa4 Bxb2+ 14. Kxb2 Bg4 15. Re1 Bd7 16. Nc3 b5 17. Bxb5 Bxb5 18. Nxb5 Qb8 19. Nc3 Qb4 20. a4 Rxa4 21. Ra1 Rfa8 22.
Rxa4 Rxa4 23. Ra1 Rxa1 24. Kxa1 Ng4 25. h3 Nf6 26. Qd3 Nd7 27. Kb2 Nc5 28. Qd5 c6 29.
Qxc6 Qd4 30. Qd5 Qb4 31. e5 dxe5 32. Qxe5 h5 33. Nd5 Nd3+ 34. cxd3 Qd2+ 35. Ka1 Qd1+ 36. Ka2 Qd2+ 37. Qb2 Qa5+ 38. Kb1 Qxd5 39. Qc2 Qd4 40.
Qd2 h4 41. b4 Kh7 42. Kc2 Qd5 43. Kc3 Qc6+ 44. Kb3 Qd5+ 45. Ka3 Qa8+ 46. Kb2 Qd5 47. Qf2 Qxd3 48. Qxh4+ Kg7 49. Qf2 Qc4 50. Qd2 Kh7 51. g3 Qf1 52. h4 Qc4 53. Qc3 Qe2+ 54. Kb3 Qe6+ 55. Ka3 Qa6+ 56. Kb2 Qe2+ 57. Kc1 Qf1+ 58. Kc2 Qe2+ 59. Qd2 Qc4+ 60. Kb2 Qb5 61. Kb3 Qf1 62. Qd5 Qb1+ 63. Ka4 Qc2+ 64. Ka5 Qc7+ 65. Ka6 Qc8+ 66.
Qb7 Qe6+ 67. Ka7 Qa2+ 68. Kb8 Qe6 69. b5 Qe8+ 70. Ka7 Qe3+ 71. b6 Qa3+ 72. Qa6 Qe3 73. Qc4 Qa3+ 74. Kb8 Qf8+ 75. Ka7 Qa3+ 76. Kb7 Qe7+ 77.
Kc6 Qe4+ 78. Qxe4 1-0

[Event "Early-Titled-Tuesday-Blitz-March-19-2024"]
[Site "Chess.com"]
[Date "2024.03.19"]
[Round "11"]
[White "JonasEilenberg"]
[Black "Matibar"]
[Result "0-1"]
[WhiteElo "2560"]
[BlackElo "2753"]
[TimeControl "180+1"]
[EndTime "10:08:04 PDT"]
[Termination "Matibar won by resignation"]

1. e4 Nf6 2. e5 Nd5 3. c4 Nb6 4. d4 d6 5. f4 Bf5 6. Nc3 e6 7. Nf3 Be7 8. Be3 O-O 9. Be2 d5 10. c5 Nc4 11. Bxc4 dxc4 12. d5 exd5 13. Qxd5 Bd3 14.
Qxb7 Nd7 15. Nd5 Bxc5 16. Bxc5 Nxc5 17. Qc6 Ne4 18. b3 Rb8 19. Rd1 Bc2 20. Nf6+ gxf6 21. Rxd8 Rfxd8 22. O-O c3 23. e6 fxe6 24. Qxe6+ Kh8 25.
Re1 Re8 26. Qc6 Rbd8 27. Nh4 Bd3 28. Nf5 c2 29. Nd4 Nd6 30. Rxe8+ Rxe8 31. Nxc2 Re2 32. Nd4 Rxa2 33. Ne6 Be4 34. Qd7 Rxg2+ 35. Kf1 Rg8 36. Qe7 Bd3+ 37. Ke1 Ne4 38. Ng5 fxg5 39. Qe5+ Rg7 40.
f5 h6 41. f6 Nxf6 42. Qxf6 Bg6 43. Kd2 Kh7 44. Qd8 c6 45. Qd4 Rf7 46. Kc3 Bf5 47. Qc5 Be4 48. Qe5 Bd5 49. Kb4 Kg6 50. Kc5 Rb7 51.
Qc3 Rb5+ 52. Kd6 Rxb3 53. Qc2+ Kh5 54. Qe2+ Rf3 55. Ke5 Kh4 56. Qe1+ Kh5 57. Qe2 Kh4 58. Qe1+ Kh3 59. Qa5 h5 60. Qxa7 g4 61. Qh7 h4 62.
Qh6 Rf2 63. Qe3+ Rf3 64. Qh6 g3 65. hxg3 Kxg3 66. Qg5+ Kh3 67. Qh6 Rg3 68. Kf4 Rg4+ 69. Kf5 Be4+ 70. Ke5 Kg3 71. Qe3+ Bf3 72. Qe1+ Kg2 73.
Qd2+ Kh3 74. Qf2 Rg3 75. Kf4 Bg2 76. Qg1 Rg4+ 77. Ke3 Bd5 78. Qf2 Rg3+ 79. Kf4 Rf3+ 80. Qxf3+ Bxf3 81. Kxf3 c5 0-1

[Event "Early-Titled-Tuesday-Blitz-March-19-2024"]
[Site "Chess.com"]
[Date "2024.03.19"]
[Round "11"]
[White "Arystanner"]
[Black "Polish_fighter3000"]
[Result "1-0"]
[WhiteElo "2864"]
[BlackElo "3125"]
[TimeControl "180+1"]
[EndTime "10:08:08 PDT"]
[Termination "Arystanner won by resignation"]

1. e4 b6 2. d4 Bb7 3. Bd3 g6 4.
Nf3 Bg7 5. O-O d6 6. Re1 Nd7 7. Nbd2 e6 8. c3 a6 9. Nf1 Ne7 10. Ng3 O-O 11. Be3 h6 12. Qd2 Kh7 13. Rad1 f5 14.
exf5 exf5 15. Nh4 Qe8 16. c4 Qf7 17. f4 b5 18. b3 Bf6 19. Nf3 Bxf3 20. gxf3 Nb6 21.
d5 Qg7 22. Qc2 Rab8 23. Kh1 bxc4 24. bxc4 Nd7 25. Qa4 Nc8 26. Nxf5 Qf7 27. Ng3 Ncb6 28.
Qc2 Rbe8 29. Bxb6 cxb6 30. f5 g5 31. Re6 Nc5 32. Ne4 Nxe4 33. Bxe4 Rd8 34. Rb1 Qc7 35. Qb3 b5 36. cxb5 axb5 37. Qxb5 Rb8 38. Qc6 Rxb1+ 39. Bxb1 Qb8 40. Bd3 Qb2 41. Re2 Qa1+ 42. Kg2 Qd4 43.
Be4 Qe5 44. a4 h5 45. Qd7+ Kh8 46. Qe6 Qf4 47. Bd3 g4 48. fxg4 Be5 49. Rxe5 Qxg4+ 50. Kf2 Qf4+ 51. Ke2 dxe5 52. d6 Qxh2+ 53. Kd1 Qg1+ 54. Kd2 Qf2+ 55. Kd1 Qe3 56. Kc2 h4 57. d7 h3 58.
d8=Q Rxd8 59. Qf6+ Kh7 60. Qxd8 Qf2+ 61. Kb3 Qc5 62.
f6+ Kh6 63. f7 e4 64. f8=Q+ Qxf8 65. Qxf8+ Kg5 66. Bxe4 Kg4 67. Qf5+ Kg3 68. Qf3+ Kh4 69. Qf4+ Kh5 70. Bf3+ Kg6 71. Qg3+ Kf6 72. Qxh3 Ke5 73.
Qf1 Kd4 74. Qb5 Ke3 75. a5 Kf4 76. a6 Ke3 77. a7 Kf2 78. Bh5 Kg3 79. Bg6 Kh4 80.
Bh7 Kg3 81. Bg8 Kf4 82. a8=Q Ke3 83. Qc5+ Kd2 84. Qg2+ 1-0

[Event "Early-Titled-Tuesday-Blitz-March-19-2024"]
[Site "Chess.com"]
[Date "2024.03.19"]
[Round "11"]
[White "kassablanca"]
[Black "Grossboss19"]
[Result "0-1"]
[WhiteElo "2735"]
[BlackElo "2580"]
[TimeControl "180+1"]
[EndTime "10:08:15 PDT"]
[Termination "Grossboss19 won by resignation"]

1. c3 d5 2. d4 Nf6 3. Nf3 e6 4. Bf4 c5 5. e3 Nc6 6. Nbd2 Bd6 7.
dxc5 Bxc5 8. Bd3 O-O 9. O-O Re8 10. e4 e5 11. Bg5 d4 12. Nb3 Bb6 13. cxd4 Nxd4 14. Nbxd4 Bxd4 15. Nxd4 Qxd4 16. Bxf6 gxf6 17. Qf3 Kg7 18. Bb5 Re7 19. Rad1 Qb6 20. Bc4 Be6 21. Bxe6 Qxe6 22. Rd5 Rc8 23. Rfd1 Rec7 24. Rd6 Qe7 25. h4 Rc1 26. Kh2 Rxd1 27. Rxd1 Rd8 28. Rc1 Rd4 29. Qg4+ Kh8 30. h5 Rd8 31. Qf5 Kg7 32. Qg4+ Kh6 33.
Rc3 Qe6 34. Qxe6 fxe6 35. Rc7 b6 36. Rxa7 Rd2 37. b3 Rxf2 38. Kg3 Rc2 39. Ra6 Kxh5 40. a4 Rc3+ 41. Kh2 Rxb3 42. a5 bxa5 43. Rxe6 Kg5 44. Ra6 Ra3 45. Ra7 Kg6 46. g3 Ra4 47. Kh3 h5 48. Kg2 Ra3 49. Kf2 Kg5 50. Rg7+ Kh6 51. Rg8 a4 52. Rf8 Kg7 53. Ra8 Kf7 54. Ra7+ Kg6 55.
Ra6 Ra1 56. Kf3 a3 57. Kg2 Kg5 58. Ra8 Kg6 59. Ra6 Kf7 60. Ra7+ Ke6 61. Ra6+ Ke7 62. Kh2 a2 63. Kg2 Kf7 64. Ra7+ Kg6 65. Ra6 Kg5 66. Ra8 Re1 67. Rxa2 Rxe4 68. Kf3 Rb4 69. Ra8 Rb3+ 70.
Kg2 e4 71. Rg8+ Kf5 72. Rh8 Kg6 73. Rg8+ Kh7 74. Re8 f5 75. Re6 Kg7 76. Rd6 Ra3 77.
Re6 Ra7 78. Kf2 Rf7 79. Ke3 Rf6 80. Re7+ Kg6 81. Kf4 Ra6 82. Re5 Ra1 83. Re6+ Kf7 84. Re5 Rf1+ 85. Kg5 Rf3 86. Kxh5 Kf6 87. Re8 Rxg3 88.
Rf8+ Ke5 89. Re8+ Kf4 90. Rf8 Rg1 91. Rg8 Rxg8 0-1

[Event "Early-Titled-Tuesday-Blitz-March-19-2024"]
[Site "Chess.com"]
[Date "2024.03.19"]
[Round "11"]
[White "Iskusnyh"]
[Black "Rodalquilar"]
[Result "1/2-1/2"]
[WhiteElo "2646"]
[BlackElo "2784"]
[TimeControl "180+1"]
[EndTime "10:08:37 PDT"]
[Termination "Game drawn by repetition"]

1. d4 d5 2. c4 e6 3. Nf3 Nf6 4. g3 Be7 5. Bg2 O-O 6. O-O dxc4 7. Na3 Bxa3 8. bxa3 Nc6 9. a4 Rb8 10. Ba3 Re8 11. Rc1 Na5 12. Bb4 b6 13. Bxa5 bxa5 14. Ne5 Bb7 15. Nc6 Bxc6 16. Bxc6 Re7 17. Rxc4 Rb4 18.
Qc2 Nd5 19. a3 Rxc4 20. Qxc4 Qd6 21. Rb1 h5 22. e4 Nb6 23. Qc5 e5 24. Qxd6 cxd6 25.
d5 g6 26. Kf1 Kg7 27. Ke2 f5 28. f3 Kf6 29. h4 f4 30. Rg1 fxg3 31. Rxg3 Nc4 32. Kd3 Nb6 33. Rg1 Rg7 34. Rg5 Rg8 35. Kc3 Kg7 36. Kd3 Kh6 37. Bb5 Rf8 38. Ke3 Rc8 39.
Bc6 Nc4+ 40. Kd3 Nxa3 41. Rg1 Rb8 42. Kc3 Rb4 43. Be8 Nc4 44. Rxg6+ Kh7 45. Re6 Kg7 46. Bxh5 Rxa4 47. Bg4 Ne3 48. h5 Ra3+ 49. Kd2 a4 50. h6+ Kh7 51. Bh5 Rb3 52. Re7+ Kxh6 53. Be8 a3 54. Rxa7 Nc4+ 55. Kc2 Rxf3 56. Bb5 Ne3+ 57. Kd2 Ng4 58. Ra6 Kg5 59. Rxd6 Nf6 60. Ra6 Nxe4+ 61. Ke1 Re3+ 62. Kf1 Kf4 63. d6 Rf3+ 64. Kg1 Rg3+ 65. Kf1 Rf3+ 66. Kg1 Re3 67. d7 Re1+ 68. Kg2 Rd1 69. Rxa3 Rd2+ 70. Kg1 Nc5 71. Ra8 Nxd7 72. Rd8 Rd1+ 73. Kg2 Rd2+ 74. Kh3 e4 75.
Bxd7 e3 76. Rf8+ Ke4 77. Re8+ Kf3 78. Bc6+ Kf2 79. Rf8+ Ke1 80. Bb5 Rf2 81. Ra8 Kd2 82.
Ra2+ Ke1 83. Ra3 Kd2 84. Rd3+ Ke2 85. Rd6+ Ke1 86. Rd3 Ke2 87. Rc3+ Kd2 88. Rd3+ Ke2 1/2-1/2

[Event "Early-Titled-Tuesday-Blitz-March-19-2024"]
[Site "Chess.com"]
[Date "2024.03.19"]
[Round "11"]
[White "maciek_92"]
[Black "SuperPower2011"]
[Result "1/2-1/2"]
[WhiteElo "2898"]
[BlackElo "2786"]
[TimeControl "180+1"]
[EndTime "10:09:02 PDT"]
[Termination "Game drawn - insufficient material"]

1. c4 c5 2. Nc3 Nf6 3. g3 d5 4.
cxd5 Nxd5 5. Bg2 Nc7 6. Nf3 Nc6 7.
O-O e5 8. d3 Be7 9. Nd2 Bd7 10.
Nc4 f6 11. a4 O-O 12. a5 Rb8 13. f4 Kh8 14. f5 Nd4 15. Be4 Bc6 16. e3 Bxe4 17.
Nxe4 Nc6 18. Qe2 Nb4 19. Ra3 Qd7 20. Bd2 Rbd8 21. Bxb4 cxb4 22. Raa1 Qxd3 23. Qxd3 Rxd3 24. Kf2 Rfd8 25. Ke2 Kg8 26. g4 R3d7 27. Rac1 Nd5 28.
g5 Kf7 29. Rg1 Rc7 30. Rg4 b3 31. gxf6 gxf6 32. Rh4 Kg8 33. Rg1+ Kh8 34. Ned2 Bc5 35. Nxb3 Ne7 36. Rc1 Bb4 37. Rf1 Rdc8 38. Nxe5 Rc2+ 39. Kd3 fxe5 40. Rxb4 Rxb2 41. Rxb7 Nd5 42. f6 Rd8 43.
Ke4 Re2 44. Rf3 Nc3+ 45. Kxe5 Rxh2 46. Nd4 Rh5+ 47. Ke6 Ne4 48. Ke7 Rg8 49. f7 Re5+ 50. Ne6 Rxe6+ 51. Kxe6 Nc5+ 52. Ke7 Nxb7 53. fxg8=Q+ Kxg8 54. Rg3+ Kh8 55. a6 Nc5 56. Kf7 h5 57. Rg6 Kh7 58.
Rc6 Ne4 59. Rc7 h4 60. Ke6+ Kg6 61. Ke5 Nf2 62. Rxa7 h3 63. Ra8 h2 64. Rh8 Ng4+ 65.
Kd4 Nh6 66. a7 h1=Q 67. a8=Q Qd1+ 68. Kc5 Qc1+ 69. Kd6 Qd2+ 70. Kc7 Qxe3 71. Qc6+ Kh5 72. Rd8 Qf4+ 73. Kc8 Qf5+ 74. Rd7 Qf8+ 75. Kb7 Qb4+ 76. Kc7 Qf4+ 77. Kc8 Qf8+ 78. Rd8 Qf5+ 79. Kb8 Qb1+ 80. Ka8 Qa1+ 81. Kb7 Qb1+ 82. Kc7 Qg6 83. Rd5+ Nf5 84. Qd7 Kg5 85. Qd8+ Qf6 86. Qg8+ Qg6 87. Qd8+ Qf6 88. Qd7 Qg6 89. Kb7 Qf6 90. Rc5 Qb2+ 91. Kc8 Qf6 92. Kb7 Qb2+ 93. Kc7 Qf6 94. Qd2+ Kg6 95. Qg2+ Kf7 96.
Kb7 Nd6+ 97. Kc6 Ne4+ 98. Kb5 Nxc5 99. Kxc5 Qe5+ 100. Qd5+ Qxd5+ 101. Kxd5 1/2-1/2

[Event "Early-Titled-Tuesday-Blitz-March-19-2024"]
[Site "Chess.com"]
[Date "2024.03.19"]
[Round "11"]
[White "HanSchut"]
[Black "abelmat"]
[Result "0-1"]
[WhiteElo "2280"]
[BlackElo "2109"]
[TimeControl "180+1"]
[EndTime "10:09:06 PDT"]
[Termination "abelmat won by checkmate"]

1. e4 e6 2. d4 d5 3. e5 c5 4. c3 Qb6 5. Nf3 Nc6 6. Bd3 cxd4 7. O-O Nge7 8. h4 Nf5 9. Bxf5 exf5 10. cxd4 h6 11. Nc3 Be6 12. Ne2 Be7 13. Nf4 O-O 14. h5 Na5 15. b3 Rac8 16. Be3 Nc6 17. Qd2 Bb4 18. Qd3 Ba3 19. Nh4 Ne7 20. Qe2 Qa6 21. Qf3 Kh7 22. Qg3 Rc3 23. Rad1 Rfc8 24. Rd2 Bc1 25.
Re2 Bxe3 26. Rxe3 Rxe3 27. Qxe3 Qxa2 28. Rc1 Rxc1+ 29. Qxc1 Nc6 30. Nxe6 fxe6 31. Qc5 Qa1+ 32. Kh2 Qxd4 33. Qf8 Qxh4+ 34. Kg1 Qxh5 35. Qc8 Nxe5 36. Qxe6 Ng4 37. Qxd5 Qh2+ 38. Kf1 Qe5 39. Qxb7 Qa1+ 40. Ke2 Qa2+ 41. Kd3 Qb1+ 42. Kc4 a5 43. f3 Ne3+ 44. Kc5 Nxg2 45. Qd7 Qc2+ 46. Kb6 Qxb3+ 47. Ka7 Qc2 48. Ka6 Ne3 49. Kxa5 Qd1 50. Qe6 Qd4 51. Ka6 h5 52. f4 Qe4 53. Qf7 h4 54. Qh5+ Kg8 55. Qg5 Kf8 56. Qxh4 Kf7 57. Qd8 Qe6+ 58. Ka5 Nd5 59. Qg5 Ne7 60. Qh5+ g6 61. Qh4 Qd5+ 62. Ka4 Nc6 63.
Qh7+ Kf6 64. Qh4+ Ke6 65. Qg5 Ne7 66. Ka3 Qe4 67. Ka2 Qd3 68. Ka1 Qe2 69. Kb1 Qe4+ 70. Ka1 Qd5 71. Kb2 Qd4+ 72. Ka2 Qf6 73. Qg3 Qd4 74. Qg5 Qd5+ 75. Ka1 Qd3 76. Ka2 Qe2+ 77.
Ka1 Kf7 78. Qh6 Ke6 79. Qg5 Qf3 80. Ka2 Qf1 81. Qh6 Qb5 82. Ka1 Kf6 83. Ka2 Nd5 84. Qh8+ Ke6 85. Qe5+ Kd7 86. Qg7+ Kc6 87. Qxg6+ Kc5 88.
Qg5 Nc3+ 89. Ka3 Nd5 90. Ka2 Qc4+ 91. Ka1 Nc3 92. Qe7+ Kd4 93. Qe5+ Kd3 94. Qxf5+ Kd2 95. Qd7+ Kc1 96. Qg4 Qa4# 0-1

[Event "Early-Titled-Tuesday-Blitz-March-19-2024"]
[Site "Chess.com"]
[Date "2024.03.19"]
[Round "11"]
[White "adotand"]
[Black "PeshkaCh"]
[Result "0-1"]
[WhiteElo "2983"]
[BlackElo "2862"]
[TimeControl "180+1"]
[EndTime "10:09:14 PDT"]
[Termination "PeshkaCh won by resignation"]

1. e4 e5 2. Nf3 Nc6 3. Bb5 a6 4. Ba4 Nge7 5. h4 d6 6. c3 Ng6 7. d4 exd4 8. h5 Ne5 9. Nxd4 b5 10. Bb3 Bb7 11. Be3 Nxd4 12. cxd4 Nc4 13. Bxc4 bxc4 14. Nc3 Qd7 15. d5 Be7 16. h6 gxh6 17. Rxh6 O-O-O 18. Qd4 f5 19. O-O-O fxe4 20. Qxc4 Kb8 21. Qxe4 Bf8 22. Re6 Rg8 23. Kb1 h5 24. Qd4 Rxg2 25. Rc1 Bg7 26. Qa7+ Kc8 27. Bd4 Bxd4 28. Qxd4 Kb8 29.
Qf6 Re8 30. Rce1 Reg8 31. f3 Qh7+ 32. R1e4 h4 33. Qxh4 Qxh4 34. Rxh4 Rf2 35. Rhe4 Rxf3 36. Re2 Bc8 37. Re7 Bf5+ 38. Kc1 Rg1+ 39. Re1 Rg2 40.
R7e2 Rgg3 41. a3 Kb7 42. Ne4 Rg4 43. Nc3 Rc4 44. Re3 Rf2 45. R1e2 Rf1+ 46. Kd2 Rff4 47.
Rg3 Rfd4+ 48. Ke1 Rc5 49. Rd2 Rh4 50. Re3 Rh1+ 51. Ke2 Rh2+ 52. Kd1 Rh1+ 53. Ke2 Bg4+ 54. Kd3 Bf5+ 55. Kd4 Rh4+ 56. Ne4 Rc1 57. Rde2 Rd1+ 58. Kc4 Rf4 59. a4 a5 60. b3 Kb6 61. Kc3 Rxd5 62. Nd2 Kb7 63. Nc4 Rc5 64. Kb2 Bd7 65. Nd2 Rb4 66. Ne4 Re5 67. Nd2 Rxe3 68. Rxe3 Bxa4 69. Ka3 Bb5 70. Rc3 Rd4 71. Nb1 Kb6 72. Kb2 a4 73.
Na3 axb3 74. Nxb5 Kxb5 75. Rxc7 Kb4 76. Rb7+ Kc4 77. Rc7+ Kb4 78. Rb7+ Ka4 79. Ra7+ Kb5 80. Rb7+ Kc4 81. Rc7+ Kd3 82. Kxb3 Rd5 83. Kb2 Rb5+ 84. Ka2 d5 85. Rd7 d4 86. Ka3 Rb8 87. Ka2 Kc3 88.
Rh7 d3 89. Rc7+ Kd2 90. Rh7 Kc2 91. Rc7+ Kd2 92. Rh7 Rb4 93. Ka3 Rb6 94. Ka2 Kc3 95.
Rc7+ Kd2 96. Rh7 Rb5 97. Ka3 Kd1 98. Rh1+ Kc2 99. Rh7 d2 100. Rc7+ Kd3 101. Rd7+ Kc3 102. Rc7+ Kd4 103. Rd7+ Rd5 104. Rxd5+ Kxd5 0-1

[Event "Early-Titled-Tuesday-Blitz-March-19-2024"]
[Site "Chess.com"]
[Date "2024.03.19"]
[Round "11"]
[White "Lion-Al-Messi"]
[Black "rhwr"]
[Result "1-0"]
[WhiteElo "2588"]
[BlackElo "2325"]
[TimeControl "180+1"]
[EndTime "10:09:18 PDT"]
[Termination "Lion-Al-Messi won by checkmate"]

1. e4 c5 2. Nf3 d6 3. d4 cxd4 4. Nxd4 Nf6 5. Nc3 e5 6. Nb3 Be6 7. f3 Be7 8. g4 h6 9. Nd5 Nxd5 10. exd5 Bh4+ 11. Ke2 Bd7 12. Be3 Bb5+ 13. Kd2 Bxf1 14. Qxf1 O-O 15. Qd3 Nd7 16. c3 b6 17. Rad1 Nc5 18.
Nxc5 bxc5 19. c4 Qa5+ 20. Qc3 Qa4 21. Kd3 Rab8 22. Ra1 f5 23. b3 Qd7 24. Rhg1 e4+ 25. fxe4 fxe4+ 26. Kc2 Bf6 27. Qd2 Bxa1 28. Rxa1 Qxg4 29.
Rg1 Qf5 30. Qg2 Rf7 31. Qg3 Qf6 32. Bxc5 Rd8 33. Be3 Rdd7 34. h4 Kh7 35. h5 Qf5 36. Qg6+ Kh8 37. Rg2 Qxg6 38. hxg6 Rf3 39. Bd4 Rd3 40.
Bc3 Rd8 41. Rf2 Rf3 42. Rh2 Kg8 43. Bd4 a6 44. Re2 Re8 45. a4 Rg3 46. b4 Rxg6 47.
b5 axb5 48. axb5 Rg3 49. b6 Ra3 50. Kb2 Rd3 51. Bc3 Rb8 52. Rxe4 Rxb6+ 53. Kc2 Rg3 54.
Re6 h5 55. c5 Rb8 56. c6 Rc8 57. Rxd6 h4 58. Be5 Rg2+ 59. Kd3 h3 60. Rd7 h2 61.
Bxh2 Rxh2 62. c7 Kh7 63. d6 Kg6 64. Rd8 Rh8 65. Rxc8 Rxc8 66. d7 Rxc7 67. d8=Q Rf7 68. Qe8 Kf6 69. Qd8+ Kg6 70. Qd6+ Rf6 71. Qg3+ Kh7 72.
Ke4 Kg8 73. Ke5 Kh7 74. Qh4+ Kg8 75. Qh5 Kf8 76. Qh8+ Kf7 77. Qh5+ Kf8 78. Qe2 Kf7 79. Qd3 Kg8 80. Qd7 Kh7 81. Qe8 Kh6 82. Qg8 Kg6 83.
Ke4 Kh6 84. Qh8+ Kg6 85. Qh3 Kf7 86. Qh5+ Kf8 87. Qc5+ Kg8 88. Qc4+ Kh7 89. Ke3 Kg6 90. Qg8 Kh6 91. Qh8+ Kg6 92. Qg8 Kh6 93. Ke2 Kg6 94. Kd2 Kh6 95. Ke3 Kg6 96. Qa8 Kh6 97. Qh1+ Kg6 98.
Qb1+ Kh6 99. Qe4 Kh5 100. Qh7+ Kg5 101. Qxg7+ Rg6 102.
Qe5+ Kh6 103. Kf4 Kh7 104. Qe7+ Kh6 105. Qf8+ Kh5 106. Qh8+ Rh6 107. Qg7 Rg6 108. Qh7+ Rh6 109. Qf5+ Kh4 110. Qg5+ Kh3 111. Qg3# 1-0